 Dungeon Crawl Stone Soup version 0.28-b1 (webtiles) character file.

Game seed: 766090488606844941

60 Descartes the Grasshopper (level 4, 0/33 HPs)
             Began as a Formicid Warper on Jan 26, 2022.
             Slain by an adder (2 damage)
             ... on level 2 of the Dungeon.
             The game lasted 00:02:48 (2200 turns).

Descartes the Grasshopper (Formicid Warper)         Turns: 2200, Time: 00:02:48

Health: 0/33       AC:  4    Str: 18    XL:     4   Next: 25%
Magic:  7/7        EV: 11    Int: 12    God:
Gold:   75         SH:  0    Dex: 10    Spells: 7/7 levels left

rFire   . . .      SeeInvis +   a - +0 hand axe
rCold   . . .      Faith    .   (no shield)
rNeg    . . .      Spirit   .   b - +0 leather armour
rPois   .          Reflect  .   (helmet unavailable)
rElec   .          Harm     .   f - +0 cloak
rCorr   .          Rampage  .   (no gloves)
Will    .....                   (no boots)
Stlth   +.........              (no amulet)
HPRegen 0.11/turn               (no ring)
MPRegen 0.10/turn               (no ring)

@: no status effects
A: permanent stasis, dig shafts and tunnels, antennae 3, four strong arms
a: Dig, Shaft Self


You were on level 2 of the Dungeon.
You visited 1 branch of the dungeon, and saw 2 of its levels.

You collected 75 gold pieces.

Inventory:

Hand Weapons
 a - a +0 hand axe (weapon)
 k - a +2 short sword of draining
Missiles
 c - 5 boomerangs of dispersal (quivered)
 i - 3 boomerangs
 p - 22 stones
Armour
 b - a +0 leather armour (worn)
 f - a +0 cloak (worn)
 r - a +0 chain mail
Scrolls
 e - a scroll of amnesia {unknown}
 g - a scroll of enchant weapon {unknown}
 h - a scroll of teleportation {unknown}
 l - a scroll of fog {unknown}
 m - a scroll of summoning {unknown}
 o - a scroll of immolation {unknown}
Potions
 d - a potion of haste {unknown}
 j - a potion of attraction {unknown}
 n - a potion of lignification {unknown}
 q - a potion of ambrosia {unknown}


   Skills:
 - Level 2.1 Fighting
 - Level 2.0 Axes
 - Level 1.0 Throwing
 + Level 2.5 Armour
 - Level 1.7 Dodging
 - Level 2.1 Spellcasting
 + Level 3.9 Translocations


You had 7 spell levels left.
You didn't know any spells.
Your spell library contained the following spells:

 Spells                   Type           Power      Damage    Failure   Level
 Gell's Gravitas          Tloc           10%        N/A       19%         3
 Lesser Beckoning         Tloc           10%        N/A       19%         3
 Teleport Other           Tloc           10%        N/A       19%         3
 Manifold Assault         Tloc           10%        N/A       87%         5
 Blink                    Tloc           Unusable   N/A       N/A         2

Dungeon Overview and Level Annotations

Branches:
Dungeon (2/15)

Altars:


Innate Abilities, Weirdness & Mutations

You cannot be hasted, slowed, berserked, paralysed or teleported.
You can dig through walls and to a lower floor.
You have a pair of large antennae on your head. (SInv)
Your four strong arms can wield two-handed weapons with a shield.


Message History

The adder hisses angrily.
Found a stone staircase leading down.
Found a steel ring.
You see here a +0 chain mail.
r - a +0 chain mail The adder bites you but does no damage.
You completely miss the adder. The adder closely misses you.
The adder bites you but does no damage.
You closely miss the adder. The adder bites you.
You are poisoned.
The adder poisons you!
You miss the adder.
You feel sick. The adder bites you. The adder bites you but does no damage.
You miss the adder.
You feel sick. The adder bites you.
You barely miss the adder.
You feel sick. The adder bites you but does no damage. The adder bites you.
* * * LOW HITPOINT WARNING * * *
You miss the adder. You punch the adder, but do no damage.
You feel sick. The adder misses you.
You closely miss the adder.
You feel sick.
You are no longer poisoned.
The adder closely misses you. The adder bites you but does no damage.
You barely miss the adder. The adder barely misses you.
The adder bites you but does no damage.
You miss the adder. The adder bites you.
* * * LOW HITPOINT WARNING * * *
You barely miss the adder. The adder bites you.
* * * LOW HITPOINT WARNING * * *
The adder closely misses you.
You hit the adder but do no damage. The adder bites you but does no damage.
You hit the adder.
The adder is heavily wounded.
The adder barely misses you. The adder closely misses you.
You hit the adder.
The adder is almost dead.
The adder barely misses you.
You hit the adder but do no damage.
The adder is almost dead.
The adder bites you.
You die...

.#. ..# ......#
#.# #..... ....#..
{#.=... ....#..
..#.# .......
#.#.##.......
...###.#..........
.......@S....#..##
..................
.............##.
.........#.###
##......>#)# #
#########.# #####
.. #...# #.# #....
...##...###.#####
#.###
.........†......#


You could see an adder.

Vanquished Creatures
  An adder (D:2)
  A worm (D:2)
  3 dart slugs
  3 bats
  An endoplasm (D:1)
  4 giant cockroaches (D:1)
  A goblin (D:2)
  4 hobgoblins (D:1)
  4 jackals (D:1)
  9 kobolds
  2 quokkas
  A ball python (D:1)
  A frilled lizard (D:1)
  2 rats
37 creatures vanquished.

Notes
Turn   | Place    | Note
-------+----------+-------------------------------------------
     0 | D:1      | Descartes the Formicid Warper began the quest for the Orb.
     0 | D:1      | Reached XP level 1. HP: 16/16 MP: 3/3
   272 | D:1      | Reached skill level 3 in Translocations
   277 | D:1      | Reached XP level 2. HP: 6/20 MP: 5/5
   956 | D:1      | Reached XP level 3. HP: 18/27 MP: 6/6
  1968 | D:2      | Reached XP level 4. HP: 31/33 MP: 7/7
  2196 | D:2      | HP: 1/33 [adder (2)]
  2200 | D:2      | Slain by an adder

Illustrated notes

Levels and vault maps discovered:
D:1:      minmay_arrival_doors, layout_basic
D:2:      layout_basic, ebering_ecumenical_altar_box

Skill      XL: |  1  2  3 |
---------------+----------+-----
Translocations | 3 |  3.9
Armour         | 2 |  2.5
Fighting       | |  2.1
Axes           | |  2.0
Throwing       | |  1.0
Dodging        | |  1.7
Spellcasting   | |  2.1

Action                   |  1- 3 |  4- 6 || total
-------------------------+-------+-------++-------
Melee: Hand axe          |   114 |    33 ||   147
       Punch             |       |     3 ||     3
 Abil: Dig               |     2 |       ||     2
Armor: Leather armour    |    36 |     9 ||    45
Dodge: Dodged            |    87 |    20 ||   107
